 Dungeon Crawl Stone Soup version 0.29.1-2-gbd0b4ee654 (webtiles) character file.

Game seed: 11395517141669429497

198 Earthwalker the Shield-Bearer (level 5, 0/47 HPs)
             Began as a Minotaur Fighter on Oct 23, 2022.
             Slain by an orc
             ... wielding the +10 hand axe "Ugraq" {vorpal, rF+++ rC- rN+ Str-4}
              (1 damage)
             ... on level 3 of the Dungeon.
             The game lasted 00:03:08 (2807 turns).

Earthwalker the Shield-Bearer (Minotaur Fighter)    Turns: 2807, Time: 00:03:09

Health: 0/47       AC:  7    Str: 22    XL:     5   Next: 47%
Magic:  4/4        EV: 10    Int:  5    God:
Gold:   92         SH:  4    Dex: 10    Spells: 4/4 levels left

rFire   . . .      SeeInvis .   a - +0 war axe
rCold   . . .      Faith    .   c - +0 buckler
rNeg    . . .      Spirit   .   b - +0 scale mail
rPois   .          Reflect  .   (helmet restricted)
rElec   .          Harm     .   (no cloak)
rCorr   .          Rampage  .   (no gloves)
Will    .....                   (no boots)
Stlth   ..........              (no amulet)
HPRegen 0.15/turn               (no ring)
MPRegen 0.09/turn               (no ring)

@: no status effects
A: horns 2, retaliatory headbutt
a: no special abilities


You were on level 3 of the Dungeon.
You visited 1 branch of the dungeon, and saw 3 of its levels.

You collected 92 gold pieces.

Inventory:

Hand Weapons
 a - a +0 war axe (weapon)
Missiles
 i - 4 javelins (quivered)
 o - 4 throwing nets
 u - 3 boomerangs
Armour
 b - a +0 scale mail (worn)
 c - a +0 buckler (worn)
Jewellery
 l - a ring of protection from cold
Scrolls
 e - 4 scrolls of identify {unknown}
 g - a scroll of butterflies {unknown}
 h - 2 scrolls of enchant armour {unknown}
 j - 3 scrolls of noise {unknown}
 k - a scroll of poison {unknown}
 p - a scroll of acquirement {unknown}
 q - a scroll of blinking {unknown}
 t - a scroll of fear {unknown}
Potions
 d - 2 potions of might
 f - 2 potions of flight {unknown}
 m - 2 potions of curing {unknown}
 n - a potion of mutation {unknown}
 r - 2 potions of invisibility {unknown}
 s - a potion of berserk rage {unknown}


   Skills:
 * Level 4.8 Fighting
 * Level 3.7 Axes
 * Level 4.8 Armour
 + Level 1.5 Dodging
 * Level 4.8 Shields


You had 4 spell levels left.
You didn't know any spells.
Your spell library contained the following spells:

 Spells                   Type           Power      Damage    Failure   Level
 Apportation              Tloc           0%         N/A       86%         1
 Necrotise                Necr           0%         1d4       86%         1
 Summon Small Mammal      Summ           0%         N/A       86%         1


Dungeon Overview and Level Annotations

Branches:
Dungeon (3/15)

Altars:

Shops:
D:1 [


Innate Abilities, Weirdness & Mutations

You have a pair of horns on your head.
You reflexively headbutt those who attack you in melee.


Message History

a +0 flail; a +0 chain mail; an orc corpse
Things that are here:
a +0 flail; 3 boomerangs; a +0 ring mail
u - 3 boomerangs
Things that are here:
a +0 flail; a +0 chain mail; an orc corpse You start resting.
HP restored.
Things that are here:
a +0 whip; an orc corpse
There is an escape hatch in the ceiling here.
Found a stone staircase leading down.
A bat comes into view.
Found 2 throwing nets.
The bat moves out of view.
The bat barely misses you.
You hit the bat. Your headbutt misses the bat.
The bat is severely wounded.
The bat hits you but does no damage.
You barely miss the bat.
The bat is severely wounded.
The bat hits you but does no damage. You block the bat's attack.
The bat barely misses you. You furiously retaliate!
You headbutt the bat.
You kill the bat!
No target in view!
There is an open door here.
o - 4 throwing nets (gained 2)
r - 2 golden potions (gained 1)
Found a stone staircase leading up.
An orc comes into view.
It is wielding the +10 hand axe "Ugraq" {vorpal, rF+++ rC- rN+ Str-4}.
The orc hits you with the +10 hand axe "Ugraq" {vorpal, rF+++ rC- rN+ Str-4}.
You barely miss the orc.
The orc hits you with the +10 hand axe "Ugraq" {vorpal, rF+++ rC- rN+ Str-4}! x2
You are too injured to fight recklessly!
You closely miss the orc.
The orc hits you with the +10 hand axe "Ugraq" {vorpal, rF+++ rC- rN+ Str-4}!
* * * LOW HITPOINT WARNING * * *
x2 You closely miss the orc.
The orc hits you with the +10 hand axe "Ugraq" {vorpal, rF+++ rC- rN+ Str-4}!
* * * LOW HITPOINT WARNING * * *
You die...

### ... #.# #.#
#o# #@# #.# #. #.#
#.# #. #.# ... #.#
#. #.# #.# #.# #.
#.# #.# #.# #.#
#.# #.# #.# #.#
#.# #.# #.# #..
#.# #.# #.####..
#.#####.###.......


You could see an orc.

Vanquished Creatures
  A hound (D:3)
  An orc priest (D:3)
  8 adders
  A dart slug (D:2)
  8 orcs (D:3)
  2 endoplasms
  3 giant cockroaches
  5 hobgoblins (D:1)
  4 jackals (D:1)
  A quokka (D:1)
  7 ball pythons
  8 bats
  2 frilled lizards
  5 goblins
  3 kobolds
  4 rats
63 creatures vanquished.

Vanquished Creatures (others)
  A plant (D:2)
1 creature vanquished.

Grand Total: 64 creatures vanquished

Notes
Turn   | Place    | Note
-------+----------+-------------------------------------------
     0 | D:1      | Earthwalker the Minotaur Fighter began the quest for the
                  | Orb.
     0 | D:1      | Reached XP level 1. HP: 19/19 MP: 0/0
     7 | D:1      | Noticed a rime drake
     7 | D:1      | Noticed a killer bee
     7 | D:1      | Noticed a lindwurm
     8 | D:1      | Noticed a wolf
     8 | D:1      | Noticed a komodo dragon
   119 | D:1      | Reached XP level 2. HP: 27/27 MP: 1/1
   228 | D:1      | Found Biob's Antique Armour Boutique.
   253 | D:1      | Found a faded altar of an unknown god.
   516 | D:1      | Reached XP level 3. HP: 33/33 MP: 2/2
   855 | D:2      | Identified the +6 quarterstaff of Kytoc {protect, Fly rC+
                  | Int+4 Dex-4}
  1046 | D:2      | Reached skill level 1 in Dodging
  1350 | D:2      | Reached XP level 4. HP: 40/40 MP: 3/3
  2166 | D:3      | Reached XP level 5. HP: 42/47 MP: 4/4
  2801 | D:3      | Identified the +10 hand axe "Ugraq" {vorpal, rF+++ rC- rN+
                  | Str-4}
  2807 | D:3      | HP: 1/47 [orc/the +10 hand axe "Ugraq" {vorpal, rF+++ rC-
                  | rN+ Str-4} (8)]
  2807 | D:3      | Slain by an orc

Illustrated notes

Levels and vault maps discovered:
D:1:      onia_arrival_zoo_common, layout_loops_ring,
          hellmonk_ecumenical_altar_arch_garden, serial_shops, shop,
          chequers_serial_rivers_micro_b
D:2:      layout_loops_corners, minmay_strange_pillars, nrook_loot_triangle,
          serial_bayou_pond_e
D:3:      layout_basic

Skill      XL: |  1  2  3 |
---------------+----------+-----
Armour         | 4 |  4.8
Fighting       | 4 |  4.8
Shields        | 4 |  4.8
Axes           | 3 |  3.7
Dodging        | 1 |  1.5

Action                   |  1- 3 |  4- 6 || total
-------------------------+-------+-------++-------
Melee: War axe           |    67 |    64 ||   131
       Headbutt          |     5 |     6 ||    11
Armor: Scale mail        |    45 |    35 ||    80
Dodge: Dodged            |    39 |    25 ||    64
Block: Buckler           |    22 |     7 ||    29
